Map: Ultralove

Players

Sindyr - Winner!

  • Race: Terran Terran
  • League: Master
  • Spawn Location: 7:00

Flux

  • Race: Terran Terran
  • League: Gold
  • Spawn Location: 1:00

VOD

Have the link to the VOD?

Description

Time

  • Played on: Oct. 25, 2025, 10:31 a.m.
  • Length: 4:34
Show
View Real Time Build Order
Export as new Build Order

Sindyr Terran - Winner!

Build Orders:  

Get SALT Encoding   

  12  0:03  SCV  
  13  0:15  SCV  
  13  0:18  Supply Depot  
  14  0:27  SCV  
  15  0:40  SCV  
  16  0:43  Barracks  
  16  0:50  Refinery  
  16  0:52  SCV  
  17  1:04  SCV  
  18  1:16  SCV  
  19  1:28  SCV  
  19  1:30  Supply Depot  
  20  1:40  Barracks Reactor  
  20  1:42  Orbital Command  
  20  1:52  Command Center  
  20  2:01  Refinery  
  20  2:15  SCV  
  21  2:20  Reaper x2  
  23  2:27  SCV  
  24  2:39  SCV  
  24  2:41  Factory  
  25  2:51  SCV  
  26  3:03  SCV  
  27  3:07  Barracks  
  27  3:11  Barracks  
  27  3:15  SCV  
  28  3:20  Supply Depot  
  28  3:22  Supply Depot  
  28  3:26  Orbital Command  
  28  3:27  SCV  
  28  3:31  Factory Reactor  
  29  3:39  Starport, SCV  
  30  3:42  Marine x2  
  32  3:51  SCV  
  31  3:55  SCV  
  31  4:00  Marine  
  31  4:01  Barracks Tech Lab  
  33  4:03  SCV  
  33  4:06  Barracks Tech Lab  
  33  4:07  SCV  
  35  4:16  SCV  
  36  4:17  Factory Tech Lab  
  36  4:20  SCV  
  38  4:31  Engineering Bay  
Show
View Real Time Build Order
Export as new Build Order

Flux Terran 

Build Orders:  

Get SALT Encoding   

  12  0:01  SCV  
  13  0:14  SCV  
  14  0:18  Supply Depot  
  14  0:26  SCV  
  15  0:39  SCV  
  15  0:41  Barracks  
  16  0:52  SCV  
  17  1:04  SCV  
  18  1:20  SCV  
  18  1:23  Command Center  
  19  1:34  SCV  
  19  1:35  Marine  
  19  1:39  Refinery  
  21  1:42  Refinery  
  21  1:48  Orbital Command  
  21  1:53  Marine  
  22  2:01  Supply Depot  
  22  2:18  Marine  
  23  2:23  SCV  
  23  2:28  Bunker  
  24  2:36  SCV  
  25  2:47  SCV  
  25  2:48  SCV  
  25  2:50  Barracks Tech Lab  
  27  2:52  Factory  
  27  2:59  SCV, Supply Depot  
  27  3:02  SCV  
  29  3:11  SCV  
  30  3:17  Marine  
  31  3:20  SCV  
  31  3:21  Supply Depot  
  31  3:23  SCV  
  33  3:34  SCV  
  33  3:35  SCV  
  33  3:37  Factory Tech Lab  
  33  3:40  Marine  
  33  3:41  Starport  
  36  3:47  Engineering Bay, SCV  
  37  3:50  SCV  
  38  3:59  SCV  
  38  4:00  Siege Tank  
  42  4:15  SCV  
  43  4:17  Starport Reactor  
  43  4:21  Barracks  
Tags
 
Matchup
TvT
Race
Terran
Replay Pack
Multiplayer
Spawn Locations
Cross Positions
Add a new tag
Caveats
  • Supply blocks, unpowered buildings, or Contaminate may cause inaccurate times.
  • Supply counts are checked every 10 seconds.